 Dungeon Crawl Stone Soup version 0.28.0-53-g5a82cb258f (webtiles) character file.

Game seed: 6390334269763238583

1495 Jerry the Chucker (level 8, 0/70 HPs)
             Began as a Troll Hunter on June 22, 2022.
             Was an Initiate of Gozag.
             Slain by a scorpion (4 damage)
             ... on level 6 of the Dungeon.
             The game lasted 00:11:56 (4256 turns).

Jerry the Chucker (Troll Hunter)                    Turns: 4256, Time: 00:11:56

Health: 0/70       AC:  8    Str: 21    XL:     8   Next: 51%
Magic:  7/7        EV: 11    Int:  9    God:    Gozag
Gold:   434        SH:  0    Dex: 10    Spells: 7/7 levels left

rFire   . . .      SeeInvis .   c - +9 short sword "Oppeq" {elec, Fly rC+}
rCold   + . .      Faith    .   (no shield)
rNeg    . . .      Spirit   .   b - +0 robe
rPois   .          Reflect  .   (helmet restricted)
rElec   .          Harm     .   z - scarf {repulsion}
rCorr   +          Rampage  .   (gloves unavailable)
Will    .....                   (boots unavailable)
Stlth   +.........              (no amulet)
HPRegen 1.01/turn               q - +4 ring of protection
MPRegen 0.10/turn               v - ring of resist corrosion

@: gold aura, flying, repel missiles
A: large, unfitting armour, claws 3, regeneration 1, shaggy fur 1, tough skin 1
a: Renounce Religion, Potion Petition, Call Merchant, Bribe Branch


You were on level 6 of the Dungeon.
You worshipped Gozag.
Gozag was aware of your devotion.
You visited 2 branches of the dungeon, and saw 7 of its levels.

You collected 467 gold pieces.
You paid 33 gold pieces to Gozag.

Inventory:

Hand Weapons
 c - the +9 short sword "Oppeq" (weapon) {elec, Fly rC+}
   (You found it on level 5 of the Dungeon)

   It occasionally discharges a powerful burst of electricity upon striking a
   foe.
   rC:        It protects you from cold.
   Fly:       It grants you flight.
 o - a +1 short sword of venom
 E - a +0 whip
Missiles
 d - 2 throwing nets
 m - 3 poisoned darts
 B - 3 large rocks (quivered)
Armour
 b - a +0 robe (worn)
 z - a scarf of repulsion (worn)
Jewellery
 q - a +4 ring of protection (left claw)
 v - a ring of resist corrosion (right claw)
Wands
 A - a wand of mindburst (7)
Scrolls
 e - 3 scrolls of teleportation {unknown}
 f - 3 scrolls of identify {unknown}
 i - 2 scrolls of torment {unknown}
 j - a scroll of immolation {unknown}
 l - a scroll of brand weapon {unknown}
 n - 2 scrolls of amnesia {unknown}
 p - a scroll of summoning {unknown}
 r - a scroll of enchant weapon {unknown}
 t - a scroll of magic mapping {unknown}
 u - a scroll of enchant armour {unknown}
 y - a scroll of noise {unknown}
 D - a scroll of vulnerability {unknown}
Potions
 g - a potion of curing
 h - 2 potions of might {unknown}
 k - a potion of lignification {unknown}
 s - a potion of mutation {unknown}
 w - 2 potions of brilliance {unknown}
 x - 2 potions of haste {unknown}
 C - a potion of ambrosia {unknown}


   Skills:
 - Level 1.5 Fighting
 * Level 6.3 Maces & Flails
 + Level 6.3 Throwing
 + Level 4.9 Dodging
 - Level 0.3 Stealth


You had 7 spell levels left.
You didn't know any spells.
Your spell library contained the following spells:

 Spells                   Type           Power      Damage    Failure   Level
 Animate Skeleton         Necr           0%         N/A       38%         1
 Apportation              Tloc           0%         N/A       38%         1
 Summon Small Mammal      Summ           0%         N/A       38%         1


Dungeon Overview and Level Annotations

Branches:
Dungeon (6/15)             Temple (1/1) D:4

Altars:
Ashenzari
Cheibriados
Dithmenos
Elyvilon
Fedhas
Gozag
Kikubaaqudgha
Makhleb
Nemelex Xobeh
Okawaru
Qazlal
Ru
Sif Muna
Trog
Vehumet
Wu Jian
Yredelemnul
Zin
The Shining One

Shops:
D:1 ?


Innate Abilities, Weirdness & Mutations

You are too large for most types of armour.
You have claws for hands.
Your natural rate of healing is unusually fast.
You are covered in fur. (AC +1)
You have tough skin. (AC +1)


Message History

The steam dragon is heavily wounded.
You feel sick. The steam dragon breathes steam at you.
The ball of steam hits you.
The scorpion is engulfed in a cloud of scalding steam.
The scorpion stings you.
You are more poisoned.
The scorpion poisons you! The steam dragon breathes steam at you.
The ball of steam hits you!
* * * LOW HITPOINT WARNING * * *
You feel very sick. The steam dragon barely misses you.
The steam dragon claws you but does no damage.
You puncture the steam dragon!
Lightning courses through the steam dragon!
You kill the steam dragon!
You feel very sick.
An ice beast comes into view.
You feel very sick. The scorpion barely misses you.
You feel sick. The scorpion stings you.
* * * LOW HITPOINT WARNING * * *
You feel better. The scorpion stings you.
* * * LOW HITPOINT WARNING * * *
You are poisoned.
The scorpion poisons you!
You feel sick.
You feel sick.
You feel sick. The scorpion barely misses you.
You feel sick.
The ice beast is distracted by your dazzling golden aura.
You feel sick.
The ice beast is no longer distracted by gold.
You feel sick.
You feel sick.
You are no longer poisoned.
The scorpion stings you.
You die...
Your body crumbles into a pile of gold.

####### #.....# #######
#.....########
#.....######............#
#.###.....Y.o.s@.....######.#
#.........######.....# #.#
##.#.....#..)..>.#### #.#
#.....#.#####.# #.# ###$#.#
#.# #.## #.#.# ... #..# #....
#.#. ##.### #.#[#. #.#. #....
..#.#.. ..# ########.###


You could see an ice beast, a scorpion and an orc.

Vanquished Creatures
  A steam dragon (D:6)
  2 water moccasins (D:5)
  A black bear (D:6)
  A centaur (D:5)
  4 phantoms (D:5)
  A bullfrog (D:6)
  A water moccasin zombie (D:5)
  A water moccasin skeleton (D:4)
  2 howler monkeys
  A centaur zombie (D:6)
  2 orc priests
  4 hounds
  A jelly (D:5)
  2 iguanas (D:5)
  An orc wizard (D:4)
  5 adders
  2 white imps (D:5)
  An ufetubus (D:5)
  A worm (D:4)
  3 dart slugs
  4 orcs
  7 bats
  7 endoplasms
  3 goblins
  4 hobgoblins
  5 jackals
  2 kobolds
  2 quokkas
  9 ball pythons
  5 frilled lizards
  8 rats
93 creatures vanquished.

Notes
Turn   | Place    | Note
-------+----------+-------------------------------------------
     0 | D:1      | Jerry the Troll Hunter began the quest for the Orb.
     0 | D:1      | Reached XP level 1. HP: 19/19 MP: 0/0
   207 | D:1      | Reached XP level 2. HP: 25/27 MP: 1/1
   336 | D:1      | Found Vieti's Magic Scroll Shop.
   717 | D:2      | Reached XP level 3. HP: 33/33 MP: 2/2
  1117 | D:2      | Found a faded altar of an unknown god.
  1452 | D:3      | Found a glowing silver altar of Zin.
  1904 | D:3      | Found a stormy altar of Qazlal.
  1995 | D:4      | Reached skill level 1 in Maces & Flails
  1995 | D:4      | Reached XP level 4. HP: 33/41 MP: 3/3
  2106 | D:4      | Reached XP level 5. HP: 42/48 MP: 4/4
  2331 | D:4      | Found a staircase to the Ecumenical Temple.
  2354 | Temple   | Entered the Ecumenical Temple
  2463 | Temple   | Became a worshipper of Gozag Ym Sagoz the Greedy
  2937 | D:5      | Entered Level 5 of the Dungeon
  2963 | D:5      | Noticed a water moccasin
  2982 | D:5      | Killed a water moccasin
  2983 | D:5      | Reached skill level 5 in Throwing
  2983 | D:5      | Reached XP level 6. HP: 11/55 MP: 5/5
  3068 | D:5      | Noticed a water moccasin
  3078 | D:5      | Killed a water moccasin
  3086 | D:5      | Reached XP level 7. HP: 10/62 MP: 6/6
  3558 | D:5      | Reached skill level 5 in Maces & Flails
  3650 | D:5      | Reached XP level 8. HP: 34/70 MP: 7/7
  3677 | D:5      | Identified the +9 short sword "Oppeq" {elec, Fly rC+}
  4127 | D:6      | Found a blossoming altar of Fedhas.
  4127 | D:6      | Found an iron altar of Okawaru.
  4248 | D:6      | HP: 1/70 [scorpion (4)]
  4256 | D:6      | Slain by a scorpion

Illustrated notes

Levels and vault maps discovered:
D:1:      heliophobic_arrival_enchanted_forest, layout_basic, serial_shops, shop
D:2:      layout_basic, ebering_ecumenical_altar_box
D:3:      layout_basic, mainiacjoe_overflow_catwalk, lemuel_tele_altar,
          chequers_serial_rivers_room_b
D:4:      layout_basic, minmay_temple_entry_stoned_glass,
          small_statue_intersection
D:5:      layout_loops_cross, solitary_fountain, nicolae_elevator_lobby_asterisk
D:6:      layout_loops_ring, jmf_multi_god_temple,
          worldfamousw_hep_ancestral_shrine, kennysheep_flooded_box,
          uniq_menkaure, uniq_crazy_yiuf_cottage
Temple:   regret_index_temple_generic_petals

Skill      XL: |  1  2  3  4  5  6  7  8 |
---------------+-------------------------+-----
Dodging        | 2 3 4 |  4.9
Throwing       | 4 5 6 |  6.3
Maces & Flails | 1 3 5 6 |  6.3
Fighting       | |  1.5
Stealth        | |  0.3

Action                   |  1- 3 |  4- 6 |  7- 9 || total
-------------------------+-------+-------+-------++-------
Melee: Short sword       |   144 |   100 |   182 ||   426
       Punch             |       |       |     2 ||     2
Throw: Large rock        |       |     5 |     3 ||     8
  Use: Potion            |       |     1 |     1 ||     2
 Stab: Sleeping          |     2 |       |       ||     2
       Distracted        |       |       |     1 ||     1
Armor: Robe              |    60 |    37 |    89 ||   186
Dodge: Dodged            |    91 |    62 |    93 ||   246
       Repelled          |       |       |     1 ||     1
